 Dungeon Crawl Stone Soup version 0.19-a0-905-ge5e6a15 (webtiles) character file.

3255 mrath the Basher (level 9, -5/79 HPs)
             Began as a Minotaur Fighter on July 5, 2016.
             Was a Priest of Okawaru.
             Slain by a vampire (6 damage)
             ... on level 8 of the Dungeon.
             The game lasted 00:27:52 (7126 turns).

mrath the Basher (Minotaur Fighter)                 Turns: 7126, Time: 00:27:52

Health: -5/79      AC: 17    Str: 25    XL:     9   Next: 67%
Magic:  10/11      EV:  7    Int:  5    God:    Okawaru [***...]
Gold:   406        SH:  0    Dex:  9    Spells: 0 memorised, 8 levels left

rFire  . . .     SeeInvis .     K - +1 flail (crush)
rCold  . . .     Gourm    .     x - +0 plate armour
rNeg   . . .     Faith    .     c - +0 shield
rPois  .         Spirit   .     (helmet restricted)
rElec  .         Dismiss  .     b - +0 cloak
rCorr  .         Reflect  .     D - +0 pair of gloves
SustAt .         Harm     .     v - +0 pair of boots
MR     .....                    u - amulet of regeneration
Stlth  ..........               (no ring)
                                (no ring)

@: confused, not resistant to hostile enchantments, extremely unstealthy
A: retaliatory headbutt, horns 2
a: Heroism, Renounce Religion


You were on level 8 of the Dungeon.
You worshipped Okawaru.
Okawaru was most pleased with you.
You were not hungry.

You visited 1 branch of the dungeon, and saw 9 of its levels.

You collected 406 gold pieces.

Inventory:

Hand Weapons
 n - a +0 hunting sling
 z - a +0 flail of protection
 K - a +1 flail of crushing (weapon)
Missiles
 g - 170 stones (quivered)
 t - 40 sling bullets
 y - 2 throwing nets
Armour
 b - a +0 cloak (worn)
 c - a +0 shield (worn)
 v - a +0 pair of boots (worn)
 x - a +0 plate armour (worn)
 D - a +0 pair of gloves (worn)
Jewellery
 u - an amulet of regeneration (around neck)
 F - an uncursed amulet of the gourmand
 N - an uncursed amulet of magic regeneration {unknown}
 Q - an uncursed amulet of faith {unknown}
Wands
 m - a wand of confusion (22/48)
 r - a wand of flame (25/48)
 s - a wand of flame (33/48)
 J - a wand of flame (17/48)
Scrolls
 d - a scroll of noise {unknown}
 e - 2 scrolls of enchant armour {unknown}
 h - 5 scrolls of remove curse
 q - 4 scrolls of teleportation
 w - a scroll of amnesia {unknown}
 A - a scroll of identify
 B - a scroll of enchant weapon {unknown}
 C - a scroll of recharging {unknown}
 H - a scroll of immolation {unknown}
 I - 3 scrolls of fog {unknown}
 L - a scroll of vulnerability {unknown}
Potions
 a - a potion of lignification {unknown}
 i - a potion of beneficial mutation {unknown}
 j - a potion of ambrosia {unknown}
 k - 2 potions of heal wounds {unknown}
 l - 4 potions of flight {unknown}
 o - a potion of mutation {unknown}
 E - 4 potions of curing
 G - a potion of brilliance {unknown}
 O - a potion of magic {unknown}
 P - a potion of degeneration {unknown}
Comestibles
 f - 12 bread rations
 p - 7 meat rations


   Skills:
 + Level 7.3 Fighting
 + Level 8.8 Maces & Flails
 + Level 7.2 Armour
 + Level 5.4 Dodging
 + Level 7.1 Shields
 + Level 1.5 Invocations
 + Level 4.4 Evocations


You had 8 spell levels left.
You didn't know any spells.

Dungeon Overview and Level Annotations

Branches:
Dungeon (9/15)             Temple (0/1) D:7
   Lair: D:8-11         Orc: D:9-12

Altars:
Ashenzari
Fedhas
Kikubaaqudgha
Makhleb
Okawaru
Pakellas
Sif Muna
Trog
Xom
The Shining One

Annotations:
D:6 Prince Ribbit
D:9 Joseph


Innate Abilities, Weirdness & Mutations

You reflexively headbutt those who attack you in melee.
You have a pair of horns on your head.


Message History

The warg bites you but does no damage.
You hit the vampire. Your headbutt misses the vampire.
The vampire is heavily damaged.
The vampire completely misses you. The vampire bites you.
* * * LOW HITPOINT WARNING * * *
The vampire draws strength from your injuries!
The warg bites you but does no damage. The warg bites you but does no damage.
The vampire hits you.
* * * LOW HITPOINT WARNING * * *
The vampire bites you.
* * * LOW HITPOINT WARNING * * *
The vampire draws strength from your injuries!
You climb upwards.
There is a stone staircase leading down here.
You closely miss the vampire.
The vampire is moderately damaged.
The warg bites you.
* * * LOW HITPOINT WARNING * * *
The vampire hits you.
You die...

###.##.#####...###.##.##.#
.....#.##.#######..##.##.#
##.#.#.##.# #.#..##.##.#
#.#<#..#.# #.#..##.#..#
#.#.##.#.#####.#..##.#.##
#.#.##.#.............#.#
##.#.##.#######.#.#.###.#
......#.# ###.#V#.###.#
##....#.#####...@h.#....#
##...#.......#.#.#.#####
#.................#
#.#...........#.###
#.#########.....# #.#
#.##### #.# #.# ###.# #.#
....#########.#


You could see a vampire and a warg.

Vanquished Creatures
  Pikel (D:7)
  A two-headed ogre (D:8)
  A spriggan (D:7)
  A wyvern (D:7)
  A hippogriff (D:7)
  A steam dragon (D:9)
  Edmund (D:6)
  Duvessa (D:5)
  2 orc warriors
  A slave (D:7)
  2 ogres
  A black bear (D:8)
  A crocodile (D:8)
  Blork the orc (D:6)
  2 giant frogs
  3 scorpions
  Dowan (D:5)
  2 wights (D:7)
  A howler monkey (D:4)
  A crimson imp (D:8)
  4 hounds
  A giant frog skeleton (D:7)
  A giant frog zombie (D:7)
  A gnoll shaman (D:6)
  An orc priest (D:8)
  2 orc wizards
  Jessica (D:8)
  6 worker ants
  Terence (D:2)
  8 adders
  6 gnolls
  A shadow imp (D:7)
  2 oozes
  An adder zombie (D:5)
  A worm (D:3)
  4 dart slugs
  3 giant geckos
  16 orcs
  4 giant cockroaches
  9 goblins
  4 hobgoblins
  9 jackals
  5 kobolds
  2 quokkas
  A ball python (D:6)
  9 bats
  7 giant newts
  5 rats
141 creatures vanquished.

Vanquished Creatures (others)
  A slave (D:7)
  A wight (D:7)
  2 howler monkeys (D:7)
  A giant cockroach (D:7)
5 creatures vanquished.

Grand Total: 146 creatures vanquished

Notes
Turn   | Place    | Note
-------+----------+-------------------------------------------
     0 | D:1      | mrath the Minotaur Fighter began the quest for the Orb.
     0 | D:1      | Reached XP level 1. HP: 19/19 MP: 0/0
   146 | D:1      | Reached skill level 3 in Maces & Flails
   362 | D:1      | Reached XP level 2. HP: 18/26 MP: 1/1
   870 | D:2      | Found a bloodstained altar of Trog.
   882 | D:2      | Reached skill level 4 in Maces & Flails
  1085 | D:2      | Reached XP level 3. HP: 24/31 MP: 2/2
  1226 | D:2      | Noticed Terence
  1234 | D:2      | Killed Terence
  1608 | D:2      | Found a burning altar of Makhleb.
  1610 | D:2      | Noticed a cacodemon
  1614 | D:2      | Noticed a smoke demon
  1614 | D:2      | Noticed a smoke demon
  1862 | D:3      | Reached skill level 5 in Maces & Flails
  1930 | D:3      | Reached XP level 4. HP: 39/39 MP: 3/3
  2286 | D:3      | Reached skill level 6 in Maces & Flails
  2677 | D:4      | Reached XP level 5. HP: 39/46 MP: 4/4
  2824 | D:4      | Reached skill level 1 in Evocations
  3055 | D:4      | Reached skill level 1 in Dodging
  3055 | D:4      | Reached XP level 6. HP: 52/52 MP: 4/6
  3511 | D:5      | Entered Level 5 of the Dungeon
  3516 | D:5      | Found an iron altar of Okawaru.
  3524 | D:5      | Became a worshipper of Warmaster Okawaru
  3542 | D:5      | Noticed Dowan
  3543 | D:5      | Noticed Duvessa
  3662 | D:5      | Killed Dowan
  3663 | D:5      | Killed Duvessa
  3663 | D:5      | Reached XP level 7. HP: 44/60 MP: 7/7
  3892 | D:5      | Found a shimmering altar of Xom.
  4243 | D:6      | Noticed Blork the orc
  4254 | D:6      | Killed Blork the orc
  4254 | D:6      | Reached skill level 7 in Maces & Flails
  4391 | D:6      | Noticed Edmund
  4434 | D:6      | Killed Edmund
  4434 | D:6      | Reached * piety under Okawaru
  4434 | D:6      | Reached skill level 5 in Fighting
  4434 | D:6      | Reached skill level 5 in Shields
  4549 | D:6      | Reached skill level 5 in Armour
  4649 | D:6      | Reached XP level 8. HP: 59/69 MP: 7/9
  4916 | D:6      | Noticed Prince Ribbit
  5537 | D:7      | Found a glowing golden altar of the Shining One.
  5558 | D:7      | Reached ** piety under Okawaru
  5585 | D:7      | Found a staircase to the Ecumenical Temple.
  5778 | D:7      | Found a shattered altar of Ashenzari.
  5826 | D:7      | Noticed Pikel
  5826 | D:7      | Found an ancient bone altar of Kikubaaqudgha.
  5841 | D:7      | Found a blossoming altar of Fedhas.
  5857 | D:7      | Killed Pikel
  5857 | D:7      | Reached skill level 8 in Maces & Flails
  5857 | D:7      | Reached XP level 9. HP: 68/78 MP: 10/10
  6359 | D:8      | Noticed Jessica
  6367 | D:8      | Killed Jessica
  6374 | D:8      | Found a deep blue altar of Sif Muna.
  6456 | D:8      | Reached *** piety under Okawaru
  6456 | D:8      | Reached skill level 5 in Dodging
  6555 | D:8      | Found an oddly glowing altar of Pakellas.
  6619 | D:8      | Reached skill level 1 in Invocations
  7032 | D:9      | Noticed Joseph
  7124 | D:9      | HP: 3/79 [vampire (4)]
  7126 | D:8      | HP: 1/79 [warg (4)]
  7126 | D:8      | Slain by a vampire

Vault maps used:
D:1:      dpeg_arrival_short_road
D:2:      lemuel_round_altar, makhleb_altar_promises_db, uniq_terence
D:5:      nicolae_overflow_crystal_walls, basic_altar, first_bread, uniq_duvessa
D:6:      uniq_edmund, uniq_prince_ribbit1, uniq_blork_the_orc
D:7:      grunt_temple_overflow_growth_and_decay, lemuel_doored_altar,
          kennysheep_little_box, grunt_ministairs_5, the_bakery, uniq_pikel
D:8:      lemuel_round_altar, tgw_sif
D:9:      erik_lair_orcish_takeover, minivault_5, minmay_misc_feat_roman,
          uniq_joseph

Skill      XL: |  1  2  3  4  5  6  7  8  9 |
---------------+----------------------------+-----
Maces & Flails | 3 4 5 6 7 8 |  8.8
Evocations     | 1 2 3 4 |  4.4
Shields        | 4 5 6 7 |  7.1
Fighting       | 4 5 6 7 |  7.3
Armour         | 4 5 6 7 |  7.2
Dodging        | 1 2 3 4 5 |  5.4
Invocations    | 1 |  1.5

Action                   |  1- 3 |  4- 6 |  7- 9 || total
-------------------------+-------+-------+-------++-------
Melee: Flail             |    98 |   167 |   291 ||   556
       Headbutt          |     9 |    23 |    56 ||    88
Throw: Stone             |       |    10 |    10 ||    20
Invok: Heroism           |       |       |     1 ||     1
  Use: Potion            |       |     1 |       ||     1
       Scroll            |       |       |     5 ||     5
  Eat: Chunk             |     3 |     6 |    10 ||    19
       Pizza             |       |       |     1 ||     1
Armor: Scale mail        |    47 |       |       ||    47
       Chain mail        |    14 |    71 |       ||    85
       Plate armour      |       |     9 |   141 ||   150
Dodge: Dodged            |    30 |    24 |    65 ||   119
Block: Shield            |    52 |    69 |   152 ||   273
